 Dungeon Crawl Stone Soup version 0.31-a0-988-g08d55dae12 (webtiles) character file.

Game seed: 15398956380372827431

318 Pixllover the Digger (level 6, -3/53 HPs)
             Began as a Troll Earth Elementalist on Nov 4, 2023.
             Slain by a gnoll
             ... wielding a +0 whip
              (6 damage)
             ... on level 3 of the Dungeon.
             The game lasted 00:05:42 (1657 turns).

Pixllover the Digger (Troll Earth Elementalist)     Turns: 1657, Time: 00:05:44

Health: -3/53      AC:  4    Str: 17    XL:     6   Next: 21%
Magic:  7/7        EV: 10    Int: 13    God:
Gold:   165        SH:  0    Dex: 10    Spells: 7/8 levels left

rFire   + .          .
                       - Unarmed
rCold   + . .        (no shield)
rNeg    . . .        a - +0 robe
rPois   .            (helmet restricted)
rElec   .            m - scarf {rC+ rF+}
rCorr   .            (gloves unavailable)
SInv    .            (boots unavailable)
Will    .....        j - amulet of magic regeneration
Stlth   ++           d - ring of wizardry
HPRegen 1.08/turn    (no ring)
MPRegen 0.50/turn

%: wizardry (x1)
@: lethally poisoned (-3 -> -8)
A: large, unfitting armour, claws 3, regeneration 1, shaggy fur 1, tough skin 1
a: no special abilities


You were on level 3 of the Dungeon.
You visited 1 branch of the dungeon, and saw 3 of its levels.

You collected 205 gold pieces.
You spent 40 gold pieces at shops.

Inventory:

Missiles
 l - 3 poisoned darts
 q - 5 darts of dispersal
 r - 4 curare-tipped darts
Armour
 a - a +0 robe (worn)
 m - a scarf of resistance (worn)
Jewellery
 d - a ring of wizardry (left claw)
 j - an amulet of magic regeneration (around neck)
Wands
 u - a wand of flame (19)
Scrolls
 c - 3 scrolls of identify {unknown}
 f - 2 scrolls of teleportation
 g - 2 scrolls of revelation {unknown}
 n - a scroll of poison {unknown}
 p - a scroll of immolation {unknown}
 t - a scroll of enchant weapon {unknown}
Potions
 b - a potion of magic
 e - a potion of invisibility {unknown}
 h - a potion of heal wounds
 i - a potion of enlightenment {unknown}
 k - a potion of mutation {unknown}
 o - a potion of curing
 s - a potion of haste {unknown}


   Skills:
 + Level 0.1 Fighting
 + Level 2.4 Dodging
 + Level 1.5 Stealth
 + Level 3.3 Unarmed Combat
 + Level 1.7 Spellcasting
 + Level 0.6 Transmutations
 + Level 4.2 Earth Magic


You had 7 spell levels left.
You knew the following spells:

 Your Spells              Type           Power      Damage    Failure   Level
a - Sandblast             Erth           24%        2d8       1%          1

Your spell library contained the following spells:

 Spells                   Type           Power      Damage    Failure   Level
 Passwall                 Tmut/Erth      5%         N/A       6%          2
 Magic Dart               Conj           4%         1d3       11%         1
 Stone Arrow              Conj/Erth      12%        3d7       13%         3
 Call Imp                 Summ           2%         N/A       16%         2
 Ensorcelled Hibernation  Hex/Ice        2%         N/A       16%         2
 Jinxbite                 Hex            2%         N/A       16%         2
 Lesser Beckoning         Tloc           2%         N/A       16%         2
 Gell's Gravitas          Tloc           1%         N/A       30%         3
 Mephitic Cloud           Conj/Pois/Air  1%         N/A       30%         3
 Teleport Other           Tloc           1%         N/A       30%         3
 Petrify                  Tmut/Erth      7%         N/A       34%         4
 Brom's Barrelling Bould  Conj/Erth      6%         2d3       38%         4
 Anguish                  Hex/Necr       0%         N/A       67%         4


Dungeon Overview and Level Annotations

Branches:
Dungeon (3/15)

Altars:

Shops:
D:2 ?


Innate Abilities, Weirdness & Mutations

You are too large for most types of armour.
You have claws for hands.
Your natural rate of healing is unusually fast.
You are covered in fur. (AC +1)
You have tough skin. (AC +1)


Message History

You feel very sick.
The gnoll hits you with a +0 spear of venom!
You are more poisoned.
The gnoll completely misses you.
There is an open door, spattered with blood here.
Things that are here:
a +0 club; 3 stones The gnoll shouts!
You scratch the gnoll but do no damage.
You feel very sick. The gnoll barely misses you.
The gnoll hits you but does no damage.
You scratch the gnoll.
The gnoll is lightly wounded.
* * * LOW HITPOINT WARNING * * *
You feel very sick. The gnoll hits you with a +0 whip.
* * * LOW HITPOINT WARNING * * *
The gnoll misses you.
Okay, then.
It was a potion of curing.
You feel better.
The gnoll hits you with a +0 spear of venom.
You are poisoned.
The gnoll hits you from afar with a +0 halberd!
* * * LOW HITPOINT WARNING * * *
The gnoll hits you with a +0 whip!
* * * LOW HITPOINT WARNING * * *
It was a potion of heal wounds.
You feel much better.
You feel very sick.
The gnoll hits you from afar with a +0 halberd!
The gnoll hits you but does no damage.
The gnoll hits you with a +0 spear of venom.
* * * LOW HITPOINT WARNING * * *
You are more poisoned.
You claw the gnoll!
The gnoll is severely wounded.
You feel very sick.
The gnoll hits you from afar with a +0 halberd!
* * * LOW HITPOINT WARNING * * *
The gnoll hits you with a +0 whip.
You die...

........#.#..##
.................#.#..#
........####.........##
........# #.........#
...........'.........#
........####.........#
......g.# #.........#
......gg# #.........#
#######@####.........#
#....................#
#..........#.........#
#..........#.........#
#..........#.........#
#..........#.........#
#..................###
#..................#
#..................#


You could see 3 gnolls.

Vanquished Creatures
  Sigmund (D:2)
  Jessica (D:2)
  Natasha (D:3)
  7 gnolls
  3 dart slugs
  4 endoplasms
  2 giant cockroaches (D:1)
  2 goblins
  2 hobgoblins (D:2)
  5 ball pythons (D:1)
  A bat (D:2)
  5 frilled lizards
  7 kobolds
  6 rats
47 creatures vanquished.

Notes
Turn   | Place    | Note
-------+----------+-------------------------------------------
     0 | D:1      | Pixllover the Troll Earth Elementalist began the quest for
                  | the Orb.
     0 | D:1      | Reached XP level 1. HP: 16/16 MP: 1/1
    89 | D:1      | Reached skill level 3 in Earth Magic
   120 | D:1      | Reached XP level 2. HP: 24/24 MP: 2/2
   781 | D:2      | Found the +0 toga "Victory" {*Victory Clar}
   831 | D:2      | Identified the +0 ring mail "Bim Zel" {rF+ rC- rN+}
   853 | D:2      | Found Efurhoj's Magic Scroll Emporium.
   877 | D:2      | Bought a scroll of teleportation for 30 gold pieces
   877 | D:2      | Bought a scroll of noise for 10 gold pieces
   888 | D:2      | Noticed Jessica
   928 | D:2      | Killed Jessica
   929 | D:2      | Reached skill level 1 in Unarmed Combat
   929 | D:2      | Reached XP level 3. HP: 31/31 MP: 2/4
   929 | D:2      | Noticed Sigmund
   945 | D:2      | Killed Sigmund
   946 | D:2      | Reached skill level 4 in Earth Magic
   946 | D:2      | Reached XP level 4. HP: 26/39 MP: 2/5
   946 | D:2      | Reached XP level 5. HP: 30/45 MP: 2/6
  1459 | D:3      | Noticed Natasha
  1470 | D:3      | Killed Natasha
  1471 | D:3      | Reached XP level 6. HP: 45/53 MP: 7/7
  1655 | D:3      | HP: 2/53 [gnoll/+0 whip (7)]
  1657 | D:3      | Slain by a gnoll

Illustrated notes

Levels and vault maps discovered:
D:1:      sevenhm_arrival_forest_fort_small_4, layout_basic
D:2:      layout_rooms, serial_shops, shop_coins, uniq_jessica, uniq_sigmund
D:3:      layout_basic, shapermc_ecumenical_altar_mp_urbaneastern, minivault_26,
          uniq_natasha

Skill      XL: |  1  2  3  4  5 |
---------------+----------------+-----
Earth Magic    | 3 4 |  4.2
Unarmed Combat | 1 2 3 |  3.3
Dodging        | 2 |  2.4
Fighting       | |  0.1
Stealth        | |  1.5
Spellcasting   | |  1.7
Transmutations | |  0.6

Action                     |  1- 3 |  4- 6 || total
---------------------------+-------+-------++-------
  Melee: Unarmed           |    61 |    53 ||   114
         Punch             |     1 |       ||     1
   Cast: Sandblast         |    10 |     2 ||    12
    Use: Scroll            |     1 |       ||     1
         Potion            |       |     2 ||     2
   Stab: Sleeping          |     1 |       ||     1
 Armour: Robe              |    41 |    57 ||    98
  Dodge: Dodged            |    22 |    32 ||    54

Table legend: (Time is in decaauts)
 A = Elapsed time spent in this place.
 B = Non-inter-level travel time spent in this place.
 C = Inter-level travel time spent in this place.
 D = Time resting spent in this place.
 E = Time spent auto-exploring this place.
 F = Levels seen in this place.
 G = Mean time per level.
                   A        B        C        D        E       F      G
               +--------+--------+--------+--------+--------+-----+--------+
         Total |   1660 |   1566 |     94 |      7 |    948 |   3 |  553.3 |
       Dungeon |   1660 |   1566 |     94 |      7 |    948 |   3 |  553.3 |
               +--------+--------+--------+--------+--------+-----+--------+

Top non-repeatable levels by time:
     D:1: 792 daAuts
     D:2: 672 daAuts
     D:3: 196 daAuts
